 Dungeon Crawl Stone Soup version 0.26.0-10-g1f06aea511 (webtiles) character file.

Game seed: 13111816569337208137

116 EnegeticOcto the Chiller (level 5, 0/35 HPs)
             Began as a Formicid Ice Elementalist on Jan 21, 2021.
             Slain by a white imp (5 damage)
             ... summoned by Natasha
             ... on level 2 of the Dungeon.
             The game lasted 00:06:29 (873 turns).

EnegeticOcto the Chiller (Formicid Ice Elementalist) Turns: 873, Time: 00:06:29

Health: 0/35       AC:  4    Str: 12    XL:     5   Next: 21%
Magic:  1/8        EV: 12    Int: 16    God:
Gold:   77         SH:  6    Dex: 11    Spells: 4/8 levels left

rFire    . . .     SeeInvis +   o - +0 whip
rCold    . . .     Faith    .   d - +2 buckler
rNeg     . . .     Spirit   .   a - +0 robe
rPois    .         Reflect  .   (helmet unavailable)
rElec    .         Harm     .   (no cloak)
rCorr    .         Rampage  .   h - +0 pair of gloves
Will     .....                  m - +0 pair of boots
Stlth    ++........             (no amulet)
HPRegen  0.11/turn              (no ring)
MPRegen  0.11/turn              (no ring)

@: no status effects
A: permanent stasis, dig shafts and tunnels, four strong arms, antennae 3
a: Dig, Shaft Self


You were on level 2 of the Dungeon.
You visited 1 branch of the dungeon, and saw 2 of its levels.

You collected 77 gold pieces.

Inventory:

Hand Weapons
 o - a +0 whip (weapon)
   (You took it off a gnoll on level 2 of the Dungeon)
Missiles
 g - 16 poisoned darts
Armour
 a - a +0 robe (worn)
 d - a +2 buckler (worn)
   (You found it on level 1 of the Dungeon)
 h - a +0 pair of gloves (worn)
   (You found it on level 1 of the Dungeon)
 m - a +0 pair of boots (worn)
   (You found it on level 1 of the Dungeon)
Wands
 q - a wand of digging (4) {@v3}
   (You found it on level 2 of the Dungeon)
Scrolls
 c - 3 scrolls of identify {unknown}
 i - a scroll of remove curse {unknown}
 l - a scroll of magic mapping {unknown}
 n - a scroll of teleportation {unknown}
 p - 2 scrolls of fog {unknown}
 r - a scroll of fear {unknown}
Potions
 b - a potion of flight {unknown}
 e - a potion of attraction {unknown}
 f - a potion of mutation {unknown}
 j - a potion of curing {unknown}
 k - a potion of ambrosia {unknown}
 s - a potion of heal wounds {unknown}
 t - a potion of magic {unknown}


   Skills:
 - Level 1.7 Dodging
 - Level 2.4 Stealth
 - Level 2.4 Shields
 - Level 2.1 Spellcasting
 + Level 5.7 Ice Magic


You had 4 spell levels left.
You knew the following spells:

 Your Spells              Type           Power        Failure   Level
a - Freeze                Ice            80%          1%          1
b - Frozen Ramparts       Ice            40%          6%          3

Your spell library contained the following spells:

 Spells                   Type           Power        Failure   Level
 Ozocubu's Armour         Ice            20%          6%          3
 Hailstorm                Conj/Ice       10%          54%         4
 Summon Ice Beast         Ice/Summ       10%          54%         4


Dungeon Overview and Level Annotations

Branches:
Dungeon (2/15)

Altars:
Okawaru

Annotations:
D:2 Natasha


Innate Abilities, Weirdness & Mutations

You cannot be hasted, slowed, berserked, paralysed or teleported.
You can dig through walls and to a lower floor.
Your four strong arms can wield two-handed weapons with a shield.
You have a pair of large antennae on your head. (SInv)


Message History

The goblin throws a stone.
You block the stone.
You see here a stone.
The goblin throws a stone.
The stone hits you but does no damage.
You see here a stone.
The goblin throws a stone.
The stone hits you. The goblin hits you but does no damage.
Casting: Freeze (safe; 1% risk of failure)
Confirm with . or Enter, or press ? or * to list all spells.
Aiming: Freeze (safe; 1% risk of failure)
Press: ? - help, Shift-Dir - straight line, f - goblin
Aim: a goblin, quivering a stone You freeze the goblin.
The goblin is moderately wounded.
The gnoll shouts!
The goblin misses you.
Casting: Freeze (safe; 1% risk of failure)
Confirm with . or Enter, or press ? or * to list all spells.
Aiming: Freeze (safe; 1% risk of failure)
Press: ? - help, Shift-Dir - straight line, f/p - goblin
Aim: a goblin, quivering a stone (moderately wounded)
You freeze the goblin.
You kill the goblin!
The gnoll throws a stone.
The stone hits you.
* * * LOW HITPOINT WARNING * * *
You extend your mandibles.
You dig through the rock wall.
The gnoll throws a stone.
The stone hits you.
* * * LOW HITPOINT WARNING * * *
You see here a stone.
You dig through the rock wall.
The gnoll throws a stone.
The stone barely misses you.
You see here a stone.
You dig through the rock wall.
You dig through the rock wall.
You dig through the rock wall.
You dig through the rock wall.
You dig through the rock wall.
Found an iron altar of Okawaru.
Casting: Freeze (safe; 1% risk of failure)
Confirm with . or Enter, or press ? or * to list all spells.
Aiming: Freeze (safe; 1% risk of failure)
Press: ? - help, Shift-Dir - straight line, f - gnoll
Aim: a gnoll, quivering 2 stones You freeze the gnoll!
The gnoll is heavily wounded.
You block the gnoll's attack.
Casting: Freeze (safe; 1% risk of failure)
Confirm with . or Enter, or press ? or * to list all spells.
Aiming: Freeze (safe; 1% risk of failure)
Press: ? - help, Shift-Dir - straight line, f/p - gnoll
Aim: a gnoll, quivering 2 stones (heavily wounded)
You freeze the gnoll!
You kill the gnoll!
Training target 2.4 for Shields reached!
You retract your mandibles.
Things that are here:
2 stones; a gnoll corpse
Found 17 gold pieces.
Found 13 bolts.
A hobgoblin comes into view. It is wielding a +0 club.
The hobgoblin shouts!
Casting: Freeze (safe; 1% risk of failure)
Confirm with . or Enter, or press ? or * to list all spells.
Aiming: Freeze (safe; 1% risk of failure)
Press: ? - help, Shift-Dir - straight line, f - hobgoblin
Aim: a hobgoblin, wielding a +0 club You freeze the hobgoblin.
The hobgoblin is severely wounded.
The hobgoblin hits you but does no damage.
You barely miss the hobgoblin.
The hobgoblin is severely wounded.
The hobgoblin hits you with a cursed +0 club.
* * * LOW HITPOINT WARNING * * *
You closely miss the hobgoblin.
The hobgoblin is severely wounded.
The hobgoblin barely misses you.
Casting: Freeze (safe; 1% risk of failure)
Confirm with . or Enter, or press ? or * to list all spells.
Aiming: Freeze (safe; 1% risk of failure)
Press: ? - help, Shift-Dir - straight line, f/p - hobgoblin
Aim: a hobgoblin, wielding a +0 club (severely wounded)
You freeze the hobgoblin!
You kill the hobgoblin!
You see here a cursed +0 club.
You now have 77 gold pieces (gained 17).
Unknown command.
Unknown command.
You extend your mandibles.
You dig through the rock wall.
You dig through the rock wall.
You dig through the rock wall. 2 jackals and Natasha come into view.
Natasha hisses angrily.
The frilled lizard hisses angrily.
Natasha mewls in sadness.
Natasha mumbles some strange words.
The jackal barks!
Unknown command.
You retract your mandibles.
You block Natasha's attack. The white imp hits you.
* * * LOW HITPOINT WARNING * * *
The white imp freezes you.
You die...

#.......#
#........##((.#
#........
....###.#.#'##
#......#
.###..##.#.≈.≈#
#......##
.....(...##≈.≈.#
####........
.........#.≈.≈##
##.....##
##.......##≈.≈.#
........#
#..###..#.≈.≈##
.....##..##########.#
#).##≈.≈. .....#
#..!....5@##..##..#
#_### ....##
#......h..##..#.##
....#
...)l...#.##...#
....#
#.......##.....#
....#
#.......###.##.#
....# #.......#
#.##.# ....#
...h..h.# #.####
##<## ......... ..#
..............### ###


You could see Natasha, a white imp (summoned), 2 jackals and a frilled lizard.

Vanquished Creatures
  6 gnolls (D:2)
  2 oozes
  A leopard gecko (D:1)
  An orc (D:2)
  3 bats (D:1)
  4 giant cockroaches (D:1)
  4 goblins
  8 hobgoblins
  5 jackals
  4 kobolds
  A quokka (D:2)
  A frilled lizard (D:1)
  5 rats
45 creatures vanquished.

Notes
Turn   | Place    | Note
-------+----------+-------------------------------------------
     0 | D:1      | EnegeticOcto the Formicid Ice Elementalist began the quest
                  | for the Orb.
     0 | D:1      | Reached XP level 1. HP: 13/13 MP: 3/3
   192 | D:1      | Reached XP level 2. HP: 9/19 MP: 0/5
   286 | D:1      | Reached XP level 3. HP: 17/24 MP: 0/6
   290 | D:1      | Learned a level 3 spell: Frozen Ramparts
   403 | D:1      | Reached skill level 5 in Ice Magic
   512 | D:2      | Reached skill level 1 in Shields
   522 | D:2      | Reached XP level 4. HP: 15/30 MP: 0/7
   704 | D:2      | Reached skill level 2 in Shields
   802 | D:2      | Reached XP level 5. HP: 13/35 MP: 0/8
   841 | D:2      | Found an iron altar of Okawaru.
   872 | D:2      | Noticed Natasha
   873 | D:2      | Slain by a white imp

Illustrated notes

Levels and vault maps discovered:
D:1:      dpeg_arrival_snail, layout_rooms, minmay_tromino_i2
D:2:      layout_rooms, okawaru_altar_gauntlet_db, uniq_natasha

Skill      XL: |  1  2  3  4 |
---------------+-------------+-----
Ice Magic      | 5 |  5.7
Shields        | 1 2 |  2.4
Dodging        | |  1.7
Stealth        | |  2.4
Spellcasting   | |  2.1

Action                   |  1- 3 |  4- 6 || total
-------------------------+-------+-------++-------
Melee: Unarmed           |    46 |       ||    46
       Whip              |     2 |    27 ||    29
 Cast: Freeze            |    30 |    24 ||    54
       Frozen Ramparts   |     2 |     1 ||     3
 Abil: Dig               |     9 |    10 ||    19
Armor: Robe              |    11 |     9 ||    20
Dodge: Dodged            |    31 |    29 ||    60
Block: Buckler           |    15 |    21 ||    36
